AoeStats
← JamesNewstedd

Fortress

508905838Analyzed
4v4 RM · 7d ago on Sep 24, 2026· 60m 4s· 8 players
Game mode
Random Map
Map size
Huge
Population
200
Speed
Normal
Resources
Standard
Victory
Conquest
Starting age
Dark Age
Ending age
Imperial Age
RankedLock teamsTeams togetherTeam positionsShared explorationLock speedFull tech treeHidden civsTurbo modeCheats
Victory
Defeat
🇩🇪 Inca · Germany
1599
+13
🇩🇪 Hindustanis · Germany
1585
+13
🇩🇪 Britons · Germany
1559
+15
🇩🇪 Huns · Germany
1415
+20
🇨🇳 Franks · China
1654
-20
🇨🇭 Magyars · Switzerland
1516
-15
🇩🇪 Khmer · Germany
1482
-14
🇨🇳 Slavs · China
1451
-12
Igris
7:07 Feudal Age
10:48 Castle Age
8:57 Double-Bit Axe
9:08 Horse Collar
11:53 Bow Saw
11:56 Heavy Plow
19:12 Wheelbarrow
18:23 Loom
20:12 Hand Cart
20:17 Gold Mining
24:48 Imperial Age
22:28 Fletching
23:17 Ballistics
23:15 Bodkin Arrow
23:21 Padded Archer Armor
24:56 Bloodlines
24:47 Husbandry
25:04 Leather Archer Armor
25:15 Thumb Ring
25:57 Conscription
25:44 Bracer
27:24 Chemistry
26:47 Heavy Cavalry Archer
28:26 Parthian Tactics
28:42 Ring Archer Armor
28:56 Recurve Bow
29:58 Corvinian Army
30:06 Scale Barding Armor
30:27 Elite Magyar Huszar
31:36 Chain Barding Armor
35:16 Plate Barding Armor
38:08 Capped Ram
48:42 Caravan
HaRo23
7:25 Feudal Age
10:56 Castle Age
9:52 Double-Bit Axe
10:01 Gold Mining
21:56 Pikeman
23:57 Loom
24:26 Fletching
29:41 Horse Collar
30:15 Bow Saw
31:05 Bodkin Arrow
36:08 Imperial Age
33:50 Padded Archer Armor
35:14 Elite Skirmisher
36:12 Leather Archer Armor
37:05 Ballistics
36:58 Bracer
38:00 Chemistry
37:28 Conscription
38:05 Ring Archer Armor
37:20 Capped Ram
41:20 Siege Ram
45:32 Caravan
50:58 Scale Barding Armor
51:07 Bloodlines
50:54 Light Cavalry
51:45 Forging
54:14 Iron Casting
55:14 Chain Barding Armor
54:56 Hussar
羽落千叶
7:26 Feudal Age
8:21 Double-Bit Axe
11:15 Castle Age
9:50 Horse Collar
12:22 Bow Saw
19:16 Wheelbarrow
20:17 Gold Mining
20:53 Stone Mining
21:28 Heavy Plow
21:47 Hand Cart
25:24 Imperial Age
23:48 Gold Shaft Mining
23:21 Detinets
23:38 Scale Barding Armor
23:44 Forging
26:03 Chain Barding Armor
26:19 Iron Casting
25:56 Bloodlines
25:46 Husbandry
25:44 Elite Boyar
27:27 Conscription
27:46 Hoardings
27:59 Plate Barding Armor
29:21 Blast Furnace
34:27 Herbal Medicine
35:15 Caravan
42:16 Light Cavalry
42:54 Hussar
48:44 Capped Ram
49:08 Heavy Scorpion
50:59 Siege Engineers
51:15 Ballistics
南良千奈
7:42 Feudal Age
8:20 Double-Bit Axe
11:13 Castle Age
10:27 Gold Mining
12:27 Bow Saw
14:08 Loom
16:08 Loom
17:41 Wheelbarrow
22:55 Imperial Age
21:30 Gold Shaft Mining
21:07 Stone Mining
21:55 Padded Archer Armor
23:53 Hand Cart
24:55 Chemistry
25:11 Leather Archer Armor
25:02 Pikeman
25:42 Squires
26:13 Conscription
27:01 Scale Mail Armor
28:45 Chain Mail Armor
29:21 Halberdier
32:19 Plate Mail Armor
32:53 Forging
34:06 Capped Ram
36:11 Iron Casting
40:28 Blast Furnace
44:40 Siege Engineers
45:41 Coinage
55:29 Scale Barding Armor
56:05 Light Cavalry
56:46 Husbandry
Öl1ng
7:13 Feudal Age
10:50 Castle Age
8:59 Double-Bit Axe
9:29 Horse Collar
13:19 Bow Saw
14:43 Heavy Plow
16:25 Wheelbarrow
17:29 Gold Mining
18:19 Scale Mail Armor
18:50 Squires
19:15 Chain Mail Armor
20:44 Forging
20:37 Town Watch
20:37 Loom
24:39 Imperial Age
24:12 Bloodlines
24:02 Husbandry
24:23 Scale Barding Armor
24:53 Heavy Camel Rider
25:53 Chain Barding Armor
26:09 Iron Casting
28:11 Grand Trunk Road
28:32 Conscription
28:29 Caravan
28:59 Coinage
28:02 Imperial Camel Rider
30:14 Plate Barding Armor
32:34 Blast Furnace
31:25 Fletching
36:03 Hand Cart
36:37 Bodkin Arrow
37:03 Light Cavalry
38:24 Hussar
41:46 Fortified Wall
42:40 Chemistry
43:22 Two-Man Saw
45:34 Coinage
50:28 Banking
54:59 Siege Engineers
55:04 Masonry
55:23 Ballistics
58:21 Bracer
59:01 Hoardings
105er.DarkSheep
8:07 Feudal Age
11:56 Castle Age
9:53 Double-Bit Axe
10:00 Horse Collar
14:08 Bow Saw
17:32 Gold Mining
17:38 Loom
19:09 Scale Barding Armor
19:46 Forging
20:50 Loom
21:40 Wheelbarrow
21:41 Loom
23:24 Chain Barding Armor
24:54 Iron Casting
24:56 Hand Cart
25:45 Town Watch
27:23 Caravan
30:00 Imperial Age
28:20 Bloodlines
28:11 Husbandry
29:41 Heavy Plow
31:26 Plate Barding Armor
30:12 Cavalier
31:22 Conscription
32:53 Blast Furnace
31:46 Fletching
33:34 Light Cavalry
33:36 Paladin
37:38 Coinage
38:20 Chemistry
38:05 Bodkin Arrow
40:13 Masonry
40:24 Ballistics
42:41 Atheism
42:58 Loom
44:21 Two-Man Saw
44:34 Banking
44:15 Guilds
45:53 Hussar
48:03 Marauders
48:26 Elite Tarkan
51:24 Scale Mail Armor
51:25 Bracer
50:49 Pikeman
51:29 Squires
51:42 Halberdier
53:12 Chain Mail Armor
54:20 Bracer
54:20 Padded Archer Armor
57:45 Leather Archer Armor
61:03 Gold Shaft Mining
60:19 Stone Mining
JamesNewstedd
8:56 Feudal Age
12:35 Castle Age
10:28 Double-Bit Axe
10:43 Horse Collar
14:15 Bow Saw
19:37 Wheelbarrow
21:08 Gold Mining
21:20 Heavy Plow
26:07 Imperial Age
23:23 Town Watch
23:35 Stone Mining
24:02 Loom
24:33 Hand Cart
24:27 Scale Mail Armor
24:45 Squires
25:23 Chain Mail Armor
24:29 Pikeman
25:25 Fletching
26:58 Thumb Ring
26:13 Crossbowman
26:51 Bodkin Arrow
27:07 Forging
26:54 Arbalester
27:49 Bracer
36:43 Chemistry
36:04 Ballistics
36:28 Halberdier
40:59 Caravan
47:12 Conscription
48:18 Fortified Wall
47:49 Treadmill Crane
50:16 Plate Mail Armor
50:21 Iron Casting
51:17 Crop Rotation
50:59 Arson
53:38 Gold Shaft Mining
54:21 Blast Furnace
53:24 Padded Archer Armor
53:43 Elite Kamayuk
56:08 Leather Archer Armor
56:07 Fabric Shields
59:05 Sappers
60:10 Hoardings
59:37 Andean Sling
60:10 Ring Archer Armor
59:53 Masonry
59:56 Siege Engineers
105er.G0ldenFir3
7:14 Feudal Age
8:29 Double-Bit Axe
11:19 Castle Age
9:26 Horse Collar
12:12 Bow Saw
12:08 Heavy Plow
12:50 Wheelbarrow
17:36 Loom
26:33 Hand Cart
28:12 Town Watch
29:02 Gold Mining
29:03 Stone Mining
32:30 Imperial Age
30:00 Fletching
30:51 Gold Shaft Mining
32:01 Ballistics
31:22 Treadmill Crane
31:52 Masonry
31:40 Bodkin Arrow
32:33 Yeomen
32:16 Padded Archer Armor
31:48 Pikeman
32:28 Squires
32:30 Scale Mail Armor
33:14 Fortified Wall
33:32 Conscription
34:24 Chemistry
33:17 Halberdier
35:09 Bracer
35:25 Chain Mail Armor
36:28 Architecture
36:18 Leather Archer Armor
37:05 Two-Man Saw
35:37 Elite Longbowman
37:34 Arrowslits
38:41 Ring Archer Armor
38:42 Plate Mail Armor
38:00 Arson
38:31 Forging
38:43 Siege Engineers
39:26 Warwolf
40:01 Fortified Wall
42:10 Iron Casting
42:47 Hoardings
44:00 Blast Furnace
44:08 Guilds
46:59 Guard Tower
46:54 Arrowslits
47:29 Sappers
50:32 Caravan
56:38 Keep
Connection lost

Rejoining the realm…

Still unreachable

The connection could not be restored.

Session expired

The server has moved on; the page needs a fresh start.